 Dungeon Crawl Stone Soup version 0.31-a0-656-gb4d89c20fa (webtiles) character file.

Game seed: 1896748675409145938

157 javelincjr the Conjurer (level 5, -4/35 HPs)
             Began as a Demonspawn Conjurer on Aug 30, 2023.
             Was a Believer of Fedhas.
             Slain by a water moccasin (7 damage)
             ... on level 3 of the Dungeon.
             The game lasted 00:08:41 (2651 turns).

javelincjr the Conjurer (Demonspawn Conjurer)       Turns: 2651, Time: 00:08:42

Health: -4/35      AC:  2    Str:  7    XL:     5   Next: 15%
Magic:  6/9        EV: 14    Int: 22    God:    Fedhas [**....]
Gold:   155        SH:  4    Dex: 11    Spells: 7/10 levels left

rFire   . . .        h - +2 short sword (speed)
rCold   . . .        (no shield)
rNeg    . . .        a - +0 robe
rPois   .            (no helmet)
rElec   .            (no cloak)
rCorr   .            (no gloves)
SInv    .            (no boots)
Will    .....        (no amulet)
Stlth   ++           (no ring)
HPRegen 0.25/turn    (no ring)
MPRegen 0.11/turn

%: no passive effects
@: lethally poisoned (-4 -> -18)
A: hooves 2, repulsion field 1, condensation shield
a: Renounce Religion, Wall of Briars


You were on level 3 of the Dungeon.
You worshipped Fedhas.
Fedhas was pleased with you.
You visited 1 branch of the dungeon, and saw 3 of its levels.

You collected 155 gold pieces.

Inventory:

Hand Weapons
 g - a +0 dagger
 h - a +2 short sword of speed (weapon)
 q - a +1 vampiric hand axe
 s - a +0 trident of protection
Missiles
 o - a throwing net
Armour
 a - a +0 robe (worn)
Scrolls
 d - 2 scrolls of teleportation {unknown}
 e - a scroll of revelation {unknown}
 f - a scroll of brand weapon {unknown}
 i - 4 scrolls of identify {unknown}
 l - 3 scrolls of fog {unknown}
 p - a scroll of vulnerability {unknown}
 r - a scroll of blinking {unknown}
Potions
 c - 2 potions of heal wounds
 j - 2 potions of mutation {unknown}
 k - a potion of degeneration {unknown}
 m - a potion of might {unknown}
 n - a potion of berserk rage {unknown}


   Skills:
 + Level 2.8 Dodging
 + Level 3.0 Stealth
 + Level 3.0 Spellcasting
 + Level 4.7 Conjurations


You had 7 spell levels left.
You knew the following spells:

 Your Spells              Type           Power      Damage    Failure   Level
a - Magic Dart            Conj           96%        1d7       1%          1
b - Searing Ray           Conj           48%        2d6       2%          2

Your spell library contained the following spells:

 Spells                   Type           Power      Damage    Failure   Level
 Sting                    Tmut/Pois      12%        1d3       12%         1
 Dazzling Flash           Conj/Hex       26%        N/A       14%         3
 Summon Guardian Golem    Hex/Summ       3%         N/A       36%         3
 Fulminant Prism          Conj/Hex       6%         3d7       43%         4
 Iskenderun's Mystic Bla  Conj/Tloc      13%        2d5       43%         4
 Orb of Destruction       Conj           12%        9d7       100%        7
 Spellforged Servitor     Conj/Summ      6%         N/A       100%        7


Dungeon Overview and Level Annotations

Branches:
Dungeon (3/15)

Altars:
Fedhas

Shops:
D:1 !   D:2 [


Innate Abilities, Weirdness & Mutations

You have hoof-like feet.
You are surrounded by a mild repulsion field. (EV +2)
A meltable shield of frost defends you. (SH +4)


Message History

Magic courses through your body.
You feel sick. The water moccasin barely misses you.
The water moccasin bites you!
* * * LOW HITPOINT WARNING * * *
You are lethally poisoned!
The water moccasin poisons you!
Your magical contamination has completely faded away.
Casting: Searing Ray (safe; 2% risk of failure)
Confirm with . or Enter, or press ? or * to list all spells.
Aiming: Searing Ray (safe; 2% risk of failure)
Press: ? - help, Shift-Dir - straight line, f/p - water moccasin
Aim: a water moccasin (heavily wounded, 66% to hit)
Okay, then.
It was a potion of heal wounds.
You feel much better.
You feel very sick. The water moccasin bites you.
You are lethally poisoned!
The water moccasin poisons you!
Casting: Searing Ray (safe; 2% risk of failure)
Confirm with . or Enter, or press ? or * to list all spells.
Aiming: Searing Ray (safe; 2% risk of failure)
Press: ? - help, Shift-Dir - straight line, f/p - water moccasin
Aim: a water moccasin (heavily wounded, 66% to hit)
The searing ray hits the water moccasin!
The water moccasin is severely wounded. (Press . to maintain the ray.)
You feel extremely sick. The water moccasin misses you.
The searing ray hits the water moccasin!
The water moccasin is almost dead.
* * * LOW HITPOINT WARNING * * *
You feel very sick.
The water moccasin bites you but does no damage.
The water moccasin closely misses you.
The searing ray hits the water moccasin.
The water moccasin is almost dead.
* * * LOW HITPOINT WARNING * * *
You feel very sick. The water moccasin bites you!
You die...
Fedhas appreciates your contribution to the ecosystem.

.............## #..
#####.#...
##.###......... ##.##
#.##.# #.# #..#######
...# #.##.# #.# #..#
.... #....# #.#
#..###### #...# ######
#.# #.......# ####.....
#.###.#########.#......
#.....# ###.#.........
#.########.....@S......
#......†.).#.#.......=.
##########.####.#......
### ####..... #...#
.... ..# ##


You could see a water moccasin.

Vanquished Creatures
  An orc wizard (D:3)
  3 gnolls (D:2)
  3 adders (D:2)
  3 orcs (D:3)
  12 endoplasms
  4 giant cockroaches
  5 goblins
  7 hobgoblins
  2 quokkas
  6 ball pythons
  7 bats
  4 frilled lizards
  3 kobolds
  9 rats
69 creatures vanquished.

Notes
Turn   | Place    | Note
-------+----------+-------------------------------------------
     0 | D:1      | javelincjr the Demonspawn Conjurer began the quest for the
                  | Orb.
     0 | D:1      | Reached XP level 1. HP: 13/13 MP: 3/3
   269 | D:1      | Gained mutation: A meltable shield of frost defends you.
                  | (SH +4) [demonic ancestry]
   269 | D:1      | Reached XP level 2. HP: 19/19 MP: 3/5
   384 | D:1      | Found a faded altar of an unknown god.
   394 | D:1      | Got Plato's Folio of the Xenotype
   395 | D:1      | Prayed at the altar of an unknown god.
   395 | D:1      | Became a worshipper of Fedhas Madash
   395 | D:1      | Reached * piety under Fedhas
   766 | D:1      | Found Voisixza's Distillery.
   928 | D:1      | Gained mutation: You have large cloven feet. [demonic
                  | ancestry]
   928 | D:1      | Reached XP level 3. HP: 24/24 MP: 6/6
  1207 | D:2      | Found Siseocko's Armour Boutique.
  1505 | D:2      | Reached ** piety under Fedhas
  1657 | D:2      | Gained mutation: You have hoof-like feet. [demonic
                  | ancestry]
  1657 | D:2      | Reached XP level 4. HP: 30/30 MP: 5/7
  1923 | D:2      | Learned a level 2 spell: Searing Ray
  2397 | D:3      | Gained mutation: You are surrounded by a mild repulsion
                  | field. (EV +2) [demonic ancestry]
  2397 | D:3      | Reached XP level 5. HP: 22/35 MP: 2/9
  2637 | D:3      | Noticed a water moccasin
  2651 | D:3      | Slain by a water moccasin

Illustrated notes

Levels and vault maps discovered:
D:1:      minmay_arrival_checkered_box, layout_basic, serial_shops, shop,
          shapermc_ecumenical_altar_rom_forum
D:2:      layout_basic, serial_shops, nicolae_shop_back_alley_shop,
          minmay_pentomino_t2
D:3:      layout_loops_ring, nicolae_figureground_sparkle

Skill      XL: |  1  2  3  4 |
---------------+-------------+-----
Stealth        | 2 3 |  3.0
Dodging        | 2 |  2.8
Spellcasting   | 3 |  3.0
Conjurations   | |  4.7

Action                     |  1- 3 |  4- 6 || total
---------------------------+-------+-------++-------
  Melee: Short sword       |     7 |    34 ||    41
         Unarmed           |     3 |       ||     3
         Kick              |       |     6 ||     6
   Cast: Magic Dart        |    68 |    22 ||    90
         Searing Ray       |       |     6 ||     6
    Use: Potion            |       |     2 ||     2
   Stab: Sleeping          |       |     3 ||     3
 Armour: Robe              |     2 |     4 ||     6
  Dodge: Dodged            |     3 |    17 ||    20
  Block: Other             |     4 |     6 ||    10

Table legend: (Time is in decaauts)
 A = Elapsed time spent in this place.
 B = Non-inter-level travel time spent in this place.
 C = Inter-level travel time spent in this place.
 D = Time resting spent in this place.
 E = Time spent auto-exploring this place.
 F = Levels seen in this place.
 G = Mean time per level.
                   A        B        C        D        E       F      G
               +--------+--------+--------+--------+--------+-----+--------+
         Total |   2637 |   2598 |     39 |      0 |   2233 |   3 |  879.0 |
       Dungeon |   2637 |   2598 |     39 |      0 |   2233 |   3 |  879.0 |
               +--------+--------+--------+--------+--------+-----+--------+

Top non-repeatable levels by time:
     D:1: 1117 daAuts
     D:2: 1116 daAuts
     D:3: 403 daAuts
